Map: Rhoskallian LE

Players

alpha

  • Race: Protoss Protoss
  • Spawn Location: 6:00

Yang

  • Race: Protoss Protoss
  • League: Platinum
  • Spawn Location: 5:00

Massa - Winner!

  • Race: Terran Terran
  • League: Platinum
  • Spawn Location: 12:00

qqq - Winner!

  • Race: Zerg Zerg
  • Spawn Location: 11:00

VOD

Have the link to the VOD?

Description

Time

  • Played on: Oct. 30, 2020, 4:56 p.m.
  • Length: 21:59
Show
View Real Time Build Order
Export as new Build Order

alpha Protoss 

Build Orders: Mass Adepts 

Get SALT Encoding   

  12  0:00  Probe  
  13  0:12  Probe  
  14  0:19  Pylon  
  14  0:24  Probe  
  15  0:36  Assimilator  
  15  0:40  Gateway  
  15  0:43  Probe (Chrono Boost)  
  16  0:55  Probe (Chrono Boost)  
  17  1:00  Probe (Chrono Boost)  
  18  1:10  Probe, Gateway  
  19  1:22  Probe  
  20  1:30  Cybernetics Core  
  20  1:34  Pylon  
  20  1:40  Zealot  
  20  1:44  Probe  
  23  2:00  Zealot, Warp Gate (Chrono Boost)  
  25  2:09  Adept  
  27  2:20  Gateway  
  27  2:21  Gateway  
  27  2:33  Pylon  
  27  2:53  Adept x2  
  31  3:24  Pylon  
  31  3:26  Pylon  
  31  3:32  Adept  
  33  3:36  Adept x3  
  37  3:56  Stalker x2  
  37  3:57  Stalker x2  
  35  4:26  Probe  
  35  4:27  Adept x4  
  34  4:41  Probe  
  35  4:54  Probe  
  32  5:05  Adept x4  
  32  5:06  Probe  
  35  5:20  Probe  
  36  5:25  Pylon  
  36  5:35  Adept x3  
  40  5:42  Probe  
  39  5:44  Zealot  
  35  6:04  Adept x2  
  35  6:05  Adept x2  
  36  6:26  Probe  
  35  6:33  Adept  
  35  6:34  Adept x2  
  41  6:42  Adept  
  33  6:48  Assimilator  
  33  6:52  Adept x4  
  41  6:55  Pylon  
  41  7:03  Pylon, Shield Battery  
  33  7:20  Stalker x2  
  29  7:36  Probe  
  30  7:43  Stalker  
  32  8:07  Stalker x2  
  36  8:16  Stalker  
  38  8:30  Stalker  
  38  8:47  Zealot x3  
  42  8:54  Adept  
  36  9:08  Stalker  
  36  9:09  Stalker  
  40  9:22  Stalker  
  42  9:29  Stalker  
  38  9:43  Stalker  
  28  10:23  Nexus  
  28  10:26  Pylon  
  28  10:29  Twilight Council  
  28  10:42  Pylon  
  28  10:53  Probe (Chrono Boost)  
  30  11:04  Probe (Chrono Boost)  
  30  11:15  Dark Shrine  
  30  11:23  Probe  
  30  11:37  Probe (Chrono Boost)  
  30  11:38  Probe (Chrono Boost)  
  31  11:48  Probe (Chrono Boost)  
  31  11:49  Probe (Chrono Boost)  
  31  11:50  Pylon  
  31  11:53  Probe (Chrono Boost)  
  29  12:03  Pylon  
  29  12:07  Probe  
  30  12:09  Assimilator  
  30  12:11  Probe, Assimilator  
  30  12:15  Shield Battery  
  31  12:31  Dark Templar  
  31  12:32  Dark Templar x2  
  31  12:36  Probe (Chrono Boost)  
  38  12:47  Probe (Chrono Boost), Forge  
  39  12:51  Pylon  
  39  13:02  Probe  
  39  13:03  Probe  
  41  13:07  Blink (Chrono Boost)  
  41  13:14  Probe, Stalker x2  
  46  13:27  Protoss Ground Armor Level 1 (Chrono Boost)  
  46  13:31  Stalker  
  46  13:32  Stalker  
  51  13:34  Probe x2 (Chrono Boost)  
  52  13:44  Probe (Chrono Boost)  
  52  13:46  Probe (Chrono Boost)  
  52  13:47  Stalker  
  56  13:52  Stalker  
  56  14:05  Probe x2  
  58  14:18  Stalker  
  58  14:19  Stalker x2  
  62  14:24  Pylon  
  60  14:44  Pylon  
  60  14:52  Probe  
  61  14:59  Stalker  
  63  15:00  Stalker, Robotics Facility  
  63  15:05  Dark Templar  
  67  15:15  Nexus  
  67  15:19  Pylon  
  67  15:20  Dark Templar  
  69  15:25  Pylon  
  69  15:31  Probe  
  69  15:32  Probe  
  71  15:43  Probe  
  71  15:47  Robotics Facility  
  74  15:50  Pylon  
  72  15:58  Robotics Bay  
  72  15:59  Robotics Facility  
  72  16:01  Probe  
  73  16:12  Archon  
  73  16:16  Photon Cannon  
  73  16:17  Shield Battery  
  73  16:19  Probe x2  
  73  16:22  Observer (Chrono Boost)  
  76  16:29  Probe  
  76  16:31  Probe x2  
  79  16:46  Shield Battery  
  79  16:48  Photon Cannon  
  79  16:49  Assimilator  
  78  17:04  Colossus (Chrono Boost), Dark Templar  
  82  17:13  Colossus (Chrono Boost)  
  87  17:21  Protoss Ground Weapons Level 1 (Chrono Boost)  
  85  17:32  Forge  
  85  17:40  Extended Thermal Lance (Chrono Boost)  
  85  17:41  Probe  
  86  17:45  Zealot  
  86  17:47  Probe  
  86  17:50  Colossus (Chrono Boost)  
  95  17:55  Templar Archives  
  101  18:06  Colossus (Chrono Boost)  
  101  18:15  Zealot x2  
  101  18:17  Probe  
  101  18:18  Probe  
  107  18:24  Protoss Ground Armor Level 2 (Chrono Boost)  
  107  18:34  Dark Templar  
  109  18:43  Adept  
  109  18:45  Adept  
  113  19:01  Probe  
  114  19:03  Nexus  
  114  19:06  Pylon  
  114  19:09  Pylon  
  110  19:15  Observer x2  
  112  19:22  Stalker x3  
  112  19:24  Zealot  
  114  19:28  Photon Cannon  
  114  19:31  Photon Cannon  
  112  19:42  Gateway  
  112  19:44  Gateway  
  107  19:53  Probe  
  83  20:03  Colossus (Chrono Boost), High Templar x2  
  83  20:04  Zealot x2  
  54  20:30  Dark Templar x2  
  56  20:39  Zealot  
  58  20:45  Zealot x2  
  58  20:46  Zealot  
  64  21:00  Probe  
  47  21:14  Gateway  
  47  21:16  Zealot  
  47  21:18  Gateway  
  49  21:19  Gateway  
  49  21:23  Gateway  
  46  21:26  Gateway  
  46  21:27  Dark Templar  
  46  21:28  Zealot  
  46  21:29  Zealot x3  
Show
View Real Time Build Order
Export as new Build Order

Yang Protoss 

Build Orders:  

Get SALT Encoding   

  12  0:00  Probe  
  13  0:12  Probe  
  14  0:23  Pylon  
  14  0:29  Probe  
  15  0:41  Probe, Gateway  
  16  0:45  Assimilator  
  16  0:53  Probe  
  17  1:00  Gateway  
  17  1:05  Probe  
  18  1:17  Probe  
  19  1:29  Probe  
  20  1:34  Cybernetics Core  
  20  1:41  Probe  
  20  1:46  Zealot  
  23  1:56  Assimilator  
  23  1:59  Pylon  
  23  2:06  Warp Gate (Chrono Boost)  
  23  2:10  Gateway  
  23  2:17  Probe  
  23  2:20  Adept  
  26  2:26  Pylon  
  26  2:34  Gateway  
  26  2:38  Pylon  
  26  2:45  Adept  
  28  3:10  Stalker  
  30  3:22  Robotics Facility  
  30  3:52  Stalker  
  30  3:53  Stalker x3  
  38  4:14  Probe  
  39  4:25  Immortal  
  39  4:30  Adept  
  27  5:00  Adept  
  27  5:01  Adept x3  
  27  5:02  Immortal (Chrono Boost)  
  39  5:21  Twilight Council  
  33  5:57  Immortal  
  33  5:58  Probe  
  33  6:00  Adept x2  
  36  6:16  Dark Shrine  
  36  6:36  Immortal  
  36  6:55  Stargate  
  36  6:59  Stargate  
  36  7:03  Shield Battery, Stalker  
  36  7:05  Probe  
  39  7:17  Probe  
  40  7:34  Stalker  
  40  7:35  Stalker x2  
  46  7:51  Shield Battery  
  46  7:54  Shield Battery  
  46  7:59  Shield Battery  
  46  8:06  Pylon  
  46  8:49  Pylon  
  46  8:51  Phoenix (Chrono Boost), Pylon  
  46  8:53  Pylon  
  46  8:59  Phoenix (Chrono Boost)  
  40  9:11  Phoenix (Chrono Boost)  
  36  9:18  Phoenix  
  36  9:34  Phoenix (Chrono Boost)  
  36  9:43  Nexus  
  36  9:44  Pylon  
  36  9:46  Phoenix (Chrono Boost)  
  36  9:50  Probe  
  39  10:05  Phoenix  
  41  10:39  Phoenix x2  
  45  10:51  Shield Battery  
  45  11:04  Probe, Phoenix  
  48  11:18  Stalker x3  
  54  11:39  Phoenix  
  50  12:03  Phoenix  
  50  12:04  Phoenix  
  50  12:23  Probe  
  50  12:26  Assimilator  
  51  12:34  Probe  
  51  12:35  Probe  
  53  12:46  Probe  
  53  12:47  Probe  
  55  12:59  Void Ray x2  
  61  13:33  Probe x2  
  63  13:35  Assimilator  
  63  13:41  Void Ray (Chrono Boost)  
  63  13:45  Probe x2  
  69  13:50  Cybernetics Core  
  69  13:55  Void Ray (Chrono Boost)  
  69  13:57  Probe x2  
  73  14:33  Void Ray x2 (Chrono Boost)  
  73  14:45  Stalker x3  
  87  14:53  Probe  
  86  15:13  Void Ray x2  
  94  15:53  Nexus  
  94  15:56  Pylon  
  94  15:57  Pylon  
  94  16:14  Probe x2  
  96  16:26  Probe  
  96  16:27  Assimilator  
  96  16:29  Fleet Beacon  
  96  16:31  Stargate, Assimilator  
  89  16:47  Adept x4  
  97  17:02  Probe, Void Ray x2  
  98  17:10  Probe  
  107  17:37  Adept  
  107  17:38  Adept x3  
  115  17:57  Probe  
  116  18:10  Assimilator  
  116  18:11  Pylon  
  116  18:13  Pylon  
  116  18:29  Carrier  
  122  18:42  Pylon  
  122  18:43  Pylon  
  122  18:44  Pylon, Nexus  
  122  18:46  Pylon x2  
  122  18:58  Probe  
  122  19:02  Tempest  
  128  19:03  Tempest  
  131  19:15  Zealot  
  131  19:16  Zealot x2  
  137  19:22  Stargate  
  137  19:25  Stargate  
  137  19:30  Cybernetics Core  
  137  19:34  Protoss Air Weapons Level 1 (Chrono Boost)  
  137  19:41  Assimilator  
  137  19:47  Assimilator  
  91  20:17  Tempest x3  
  74  20:33  Zealot  
  74  20:34  Zealot x3  
  65  21:19  Stalker  
  65  21:21  Stalker  
  65  21:22  Stalker  
  50  21:38  Zealot  
Show
View Real Time Build Order
Export as new Build Order

Massa Terran - Winner!

Build Orders: Gas First Reaper Expand 

Get SALT Encoding   

  12  0:00  SCV  
  13  0:13  SCV  
  14  0:24  Supply Depot  
  14  0:25  SCV  
  15  0:31  Refinery  
  15  0:45  SCV  
  15  0:46  Barracks  
  16  0:58  SCV  
  18  1:11  SCV  
  18  1:23  SCV  
  18  1:24  Barracks  
  19  1:36  Reaper  
  20  1:41  Bunker  
  20  1:42  Supply Depot  
  20  1:48  Orbital Command  
  20  2:14  Barracks Reactor  
  20  2:17  Barracks Tech Lab  
  20  2:29  Command Center  
  20  2:36  Stimpack  
  20  2:39  Marine  
  20  2:43  SCV  
  22  3:07  Marine x2  
  22  3:11  Marauder  
  26  3:25  SCV, Marine x2  
  29  3:27  Factory  
  29  3:32  Marauder  
  31  3:41  SCV  
  31  3:42  Marine  
  31  3:43  Marine  
  31  3:47  Supply Depot x2  
  31  3:48  Supply Depot  
  34  3:57  Marauder  
  34  4:00  SCV, Marine x2  
  36  4:18  Marine  
  36  4:25  Factory Tech Lab  
  36  4:30  Marauder, Marine  
  39  4:36  Marine  
  32  4:47  Marine  
  32  4:51  Marauder  
  27  5:00  Marine  
  27  5:05  Marine  
  29  5:12  Marine  
  30  5:18  Marine  
  30  5:32  Marine  
  30  5:33  Marine  
  26  5:36  Marine  
  26  5:39  SCV  
  26  5:40  SCV  
  26  5:50  Marine  
  26  5:51  Marine  
  26  5:52  SCV x2  
  25  6:02  Marine  
  25  6:04  SCV x2  
  24  6:08  Marine  
  24  6:09  Marine  
  25  6:23  Marine  
  23  6:26  Marine  
  19  6:59  Marine x2  
  17  7:33  SCV x2  
  17  7:35  Factory Tech Lab  
  19  7:45  SCV x2  
  21  7:55  Engineering Bay  
  21  8:00  Marine x2  
  21  8:01  Marine  
  24  8:06  SCV  
  24  8:08  SCV  
  26  8:18  SCV  
  27  8:25  Marine x2  
  29  8:38  Widow Mine  
  27  9:03  Marine x2  
  27  9:10  SCV x2  
  26  9:21  Marine x2  
  26  9:22  SCV x2  
  30  9:37  SCV  
  32  9:39  Orbital Command, Marine  
  32  9:41  Marine  
  33  9:49  SCV  
  34  9:56  Marine  
  34  9:59  Marine  
  36  10:05  Missile Turret  
  36  10:07  Missile Turret  
  36  10:13  Barracks  
  36  10:14  Marine  
  36  10:17  Marine  
  37  10:32  Marine  
  37  10:34  Marine  
  39  10:38  Missile Turret  
  39  10:41  Missile Turret  
  39  10:46  Missile Turret  
  39  10:49  Missile Turret  
  39  10:50  Marine  
  39  10:52  Marine  
  41  11:04  SCV x2  
  43  11:08  Marine  
  43  11:10  Marine  
  45  11:16  SCV x2  
  47  11:25  Marine  
  47  11:28  SCV, Marine  
  50  11:42  Combat Shield  
  50  11:44  Marine  
  50  11:46  Marine x2  
  53  11:54  Refinery  
  53  11:56  Refinery  
  53  11:57  SCV x2  
  53  11:58  Refinery  
  55  12:02  Marine  
  55  12:03  Marine x2  
  55  12:04  Command Center  
  55  12:06  Barracks  
  58  12:09  SCV x2  
  58  12:10  Barracks  
  58  12:12  Supply Depot  
  58  12:15  Missile Turret  
  60  12:19  Marine  
  60  12:21  SCV, Missile Turret  
  62  12:33  Marine x2  
  62  12:34  SCV x2  
  66  12:37  Marine  
  66  12:46  SCV  
  67  12:51  Marine  
  67  12:56  Terran Infantry Weapons Level 1  
  67  12:57  Barracks Reactor  
  68  12:59  Barracks Tech Lab  
  68  13:01  Concussive Shells  
  68  13:18  Factory  
  68  13:44  Orbital Command  
  68  13:49  Marine x2  
  70  14:00  Marine  
  70  14:01  Marine  
  74  14:05  Marauder  
  74  14:07  Marine x2  
  74  14:08  Marauder  
  78  14:14  Starport  
  78  14:17  Factory Tech Lab  
  78  14:18  Marine x2  
  80  14:24  Marine  
  80  14:25  Marine  
  80  14:27  Marauder  
  84  14:36  Marine, Supply Depot x2  
  84  14:37  Supply Depot  
  85  14:38  Supply Depot  
  85  14:57  Marine x3  
  85  14:58  SCV x2, Marauder x2, Siege Tank  
  97  15:00  Orbital Command  
  97  15:02  Supply Depot  
  97  15:05  Supply Depot x2  
  97  15:10  SCV x2  
  97  15:12  Medivac  
  101  15:19  Marauder x2  
  105  15:22  SCV x2  
  105  15:26  SCV, Supply Depot  
  108  15:30  Siege Tank  
  108  15:34  SCV x2  
  113  15:39  Marine x4  
  113  15:41  Marauder x2  
  113  15:42  Medivac  
  123  15:49  Sensor Tower  
  123  15:57  Marine  
  123  16:02  Marauder x2, Siege Tank  
  131  16:23  Marauder  
  133  16:34  Siege Tank  
  136  17:06  Siege Tank  
  131  17:25  Starport Reactor  
  131  17:26  Marauder x2  
  131  17:27  Marine x3  
  136  17:30  Terran Infantry Armor Level 1  
  136  17:32  Armory  
  136  17:37  Marine  
  136  17:39  SCV x3, Engineering Bay  
  136  17:42  Refinery  
  140  17:44  Refinery  
  140  17:45  Marine x3  
  140  17:46  Command Center  
  140  17:48  Marauder x2  
  147  17:51  SCV x2  
  149  18:00  Supply Depot x2  
  149  18:01  Supply Depot x2  
  149  18:02  Supply Depot  
  149  18:17  Missile Turret  
  149  18:21  SCV x3, Marauder x2, Marine x4, Missile Turret  
  149  18:23  Siege Tank  
  149  18:25  Supply Depot  
  149  18:26  Terran Infantry Weapons Level 2  
  163  18:27  Supply Depot x2  
  163  18:28  Terran Vehicle Weapons Level 1  
  163  18:31  Supply Depot  
  163  18:32  Supply Depot  
  163  18:33  SCV x3  
  166  18:39  Marine x2  
  168  18:43  Marauder x2  
  168  18:45  SCV x3  
  175  18:50  Sensor Tower  
  175  18:55  Siege Tank  
  175  18:57  SCV x3  
  181  19:08  Missile Turret  
  183  19:10  SCV x2  
  183  19:31  Medivac x2  
  179  20:01  Medivac x2  
  136  20:30  Marauder x2, Marine  
  136  20:31  Marine x3, Medivac x2  
  148  20:48  Marine  
  148  20:49  Marine x3  
  152  20:51  Marauder  
  152  20:52  Marauder  
  154  21:01  Medivac x2  
  149  21:06  Marine  
  149  21:07  Marine x3  
  149  21:10  Planetary Fortress  
  153  21:13  Marauder x2  
  153  21:14  Refinery  
  153  21:15  Refinery  
  157  21:23  Siege Tank  
  157  21:24  Marine x4, Command Center  
  166  21:34  Marauder  
  166  21:35  Marauder  
Show
View Real Time Build Order
Export as new Build Order

qqq Zerg - Winner!

Build Orders: Hatch First 

Get SALT Encoding   

  12  0:00  Drone  
  13  0:10  Drone  
  14  0:39  Hatchery  
  14  0:42  Drone  
  14  1:07  Spawning Pool  
  13  1:16  Extractor  
  12  1:19  Overlord  
  12  1:20  Drone x2  
  14  1:37  Drone  
  15  1:43  Drone  
  16  1:49  Extractor  
  16  1:52  Drone  
  16  1:56  Queen  
  16  1:57  Drone  
  19  2:07  Queen  
  21  2:10  Drone  
  21  2:14  Drone x2  
  24  2:24  Overlord  
  24  2:26  Drone  
  25  2:35  Zergling x2  
  25  2:36  Drone  
  28  2:37  Drone  
  28  2:46  Zergling x2  
  29  2:55  Metabolic Boost  
  29  2:57  Zergling x2  
  29  2:58  Drone x2  
  32  3:03  Spine Crawler  
  31  3:11  Spine Crawler  
  30  3:15  Drone, Zergling x4  
  30  3:18  Drone  
  34  3:23  Overlord  
  34  3:32  Drone x2  
  36  3:34  Overlord  
  36  3:43  Lair  
  36  3:50  Drone x3  
  39  4:07  Drone x3  
  39  4:08  Drone  
  43  4:10  Extractor, Drone  
  43  4:12  Extractor  
  41  4:26  Spine Crawler, Zergling x4  
  41  4:27  Zergling x8  
  42  4:39  Spine Crawler  
  42  4:42  Zergling x6  
  44  4:50  Drone, Zergling x4  
  44  4:51  Spire  
  41  5:14  Drone x3  
  37  5:16  Drone x2  
  37  5:20  Drone  
  34  5:38  Zergling x2  
  34  5:39  Zergling x2  
  34  5:49  Drone x2  
  34  5:50  Zergling x2  
  28  6:08  Mutalisk  
  28  6:09  Mutalisk  
  29  6:30  Mutalisk  
  31  6:34  Drone x2  
  28  6:51  Mutalisk  
  28  6:52  Drone x2  
  29  6:57  Drone x2, Extractor  
  28  7:04  Drone  
  28  7:05  Drone  
  30  7:28  Mutalisk  
  30  7:29  Drone x2  
  35  7:30  Drone x3  
  37  7:43  Drone x2  
  39  7:56  Mutalisk  
  41  8:11  Drone x2  
  43  8:15  Drone, Mutalisk  
  43  8:16  Overlord  
  43  8:17  Hatchery  
  43  8:40  Hatchery  
  42  8:54  Mutalisk x3  
  48  8:56  Drone x3  
  48  8:57  Zergling x2  
  50  9:09  Mutalisk  
  50  9:10  Mutalisk  
  50  9:11  Drone  
  55  9:22  Mutalisk  
  55  9:24  Drone  
  57  9:34  Drone  
  57  9:35  Mutalisk  
  58  9:56  Mutalisk x2  
  58  9:57  Drone x2  
  64  10:07  Overlord x4  
  64  10:09  Spore Crawler  
  55  10:30  Corruptor  
  55  10:31  Corruptor x3  
  59  10:38  Spore Crawler  
  59  10:40  Corruptor  
  54  10:44  Drone x2  
  54  10:45  Drone x4  
  60  10:58  Corruptor x2  
  60  10:59  Drone  
  60  11:00  Drone  
  66  11:10  Zerg Flyer Weapons Level 1  
  66  11:15  Overlord  
  66  11:17  Drone x2  
  68  11:18  Queen  
  68  11:19  Drone  
  67  11:43  Corruptor x3  
  59  12:13  Corruptor x2  
  59  12:14  Corruptor  
  61  12:15  Drone x2  
  61  12:16  Drone x3  
  61  12:18  Spore Crawler  
  61  12:19  Extractor  
  60  12:36  Drone x2  
  62  12:41  Corruptor  
  62  12:43  Drone  
  65  12:47  Hatchery  
  64  13:04  Mutalisk x3, Zerg Flyer Armor Level 1  
  70  13:14  Pneumatized Carapace, Overseer  
  70  13:17  Overlord x3  
  70  13:19  Drone x3  
  73  13:42  Drone x2  
  73  13:45  Mutalisk x3  
  81  13:53  Mutalisk  
  81  13:55  Drone, Hatchery  
  83  13:59  Zergling x6  
  86  14:14  Mutalisk x2  
  90  14:38  Drone x3  
  93  14:39  Drone x3  
  96  14:47  Spine Crawler  
  96  14:48  Mutalisk  
  96  14:49  Hatchery  
  96  14:50  Hatchery  
  95  15:06  Corruptor x3  
  101  15:07  Drone x2  
  101  15:34  Mutalisk  
  103  15:41  Spore Crawler, Zerg Flyer Weapons Level 2  
  102  15:43  Spine Crawler  
  102  15:44  Infestation Pit  
  102  15:47  Spore Crawler  
  99  15:54  Mutalisk, Corruptor  
  99  15:55  Mutalisk, Zergling x2  
  99  15:56  Zergling x4  
  99  15:57  Drone x3  
  110  16:02  Extractor  
  110  16:18  Zergling x8  
  114  16:19  Drone x6  
  117  16:43  Drone x6  
  117  16:44  Hive  
  117  16:46  Drone  
  124  16:50  Drone  
  124  16:51  Spore Crawler  
  124  16:53  Spine Crawler  
  123  17:08  Mutalisk  
  123  17:14  Overlord x5  
  125  17:33  Extractor, Evolution Chamber  
  125  17:34  Extractor  
  125  17:35  Mutalisk x3  
  125  17:36  Evolution Chamber  
  127  17:37  Drone x2  
  127  17:38  Drone x7  
  129  18:00  Extractor  
  129  18:02  Extractor, Greater Spire  
  127  18:05  Ultralisk Cavern  
  127  18:06  Zerg Ground Armor Level 1, Zerg Melee Weapons Level 1  
  127  18:09  Mutalisk x2, Corruptor  
  127  18:10  Mutalisk x3  
  138  18:16  Drone x2  
  138  18:17  Drone x7  
  147  18:53  Drone x2  
  147  18:54  Drone x7  
  156  18:57  Spine Crawler  
  156  18:59  Spore Crawler  
  154  19:09  Hatchery  
  153  19:13  Ultralisk x2  
  163  19:24  Anabolic Synthesis  
  163  19:28  Brood Lord  
  163  19:30  Overlord x4  
  163  19:31  Overlord x4  
  153  20:00  Zerg Missile Weapons Level 1  
  139  20:07  Chitinous Plating  
  129  20:17  Ultralisk x2  
  129  20:18  Corruptor x7  
  147  20:28  Mutalisk x2  
  143  20:30  Ultralisk x5  
  143  20:31  Mutalisk  
  179  21:07  Mutalisk x6  
  179  21:09  Drone x3  
  179  21:10  Zergling x12  
Tags
 
Add a new tag
Caveats
  • Supply blocks, unpowered buildings, or Contaminate may cause inaccurate times.
  • Supply counts are checked every 10 seconds.